 Dungeon Crawl Stone Soup version 0.30.1-11-g7821555f0a (webtiles) character file.

Game seed: 4876559926882566401

1715 lonewolfV2 the Fighter (level 9, -14/67 HPs)
             Began as a Formicid Fighter on Nov 1, 2023.
             Was an Initiate of Qazlal.
             Killed from afar by a gargoyle (25 damage)
             ... with a stone arrow
             ... on level 7 of the Dungeon.
             The game lasted 00:10:09 (5882 turns).

lonewolfV2 the Fighter (Formicid Fighter)           Turns: 5882, Time: 00:10:09

Health: -14/67     AC: 13    Str: 28 (29) XL:     9   Next: 24%
Magic:  9/9        EV: 10    Int:  6 (7)  God:    Qazlal [......]
Gold:   301        SH: 10    Dex: 11 (12) Spells: 8/8 levels left

rFire   . . .        a - +0 war axe (protect)
rCold   . . .        c - +1 buckler
rNeg    . . .        b - +0 scale mail
rPois   +            (helmet unavailable)
rElec   .            (no cloak)
rCorr   .            (no gloves)
SInv    +            (no boots)
Will    .....        o - amulet of reflection Stlth
                     g - ring of flight
HPRegen 0.31/turn    m - ring of poison resistance
MPRegen 0.11/turn

%: reflection
@: mighty, under a protective aura, flying
A: permanent stasis, dig shafts and tunnels, antennae 3, four strong arms, frail
1, strong 1, wild magic 1
a: Dig, Shaft Self, Renounce Religion


You were on level 7 of the Dungeon.
You worshipped Qazlal.
Qazlal was noncommittal.
You visited 2 branches of the dungeon, and saw 8 of its levels.

You collected 301 gold pieces.

Inventory:

Hand Weapons
 a - a +0 war axe of protection (weapon)
Missiles
 j - 3 boomerangs of dispersal
 s - a throwing net
Armour
 b - a +0 scale mail (worn)
 c - a +1 buckler (worn)
 p - a +0 pair of gloves
Jewellery
 g - a ring of flight (left hand)
 h - a ring of willpower
 m - a ring of poison resistance (right hand)
 o - an amulet of reflection (around neck)
Potions
 f - 2 potions of cancellation
 l - 2 potions of attraction


   Skills:
 - Level 8.7 Fighting
 - Level 8.4 Axes
 - Level 3.2 Armour
 * Level 1.6 Dodging
 - Level 4.0 Shields


You had 8 spell levels left.
You didn't know any spells.
Your spell library contained the following spells:

 Spells                   Type           Power      Damage    Failure   Level
 Apportation              Tloc           0%         N/A       83%         1
 Dazzling Flash           Conj/Hex       0%         N/A       99%         3
 Ignite Poison            Fire/Tmut/Pois 0%         N/A       99%         3
 Tukima's Dance           Hex            0%         N/A       99%         3
 Volatile Blastmotes      Fire/Tloc      0%         2d10      99%         3
 Iskenderun's Mystic Bla  Conj/Tloc      0%         2d3       100%        4
 Passage of Golubria      Tloc           0%         N/A       100%        4
 Sticky Flame             Conj/Fire      0%         2d3       100%        4
 Alistair's Intoxication  Tmut/Pois      0%         N/A       100%        5
 Yara's Violent Unravell  Hex/Tmut       0%         3d3       100%        5
 Starburst                Conj/Fire      0%         6d3       100%        6
 Ignition                 Fire           0%         3d3       100%        8


Dungeon Overview and Level Annotations

Branches:
Dungeon (7/15)             Temple (1/1) D:6

Altars:
Ashenzari
Cheibriados
Gozag
Qazlal
Wu Jian
Yredelemnul
Zin


Innate Abilities, Weirdness & Mutations

You cannot be hasted, slowed, berserked, paralysed or teleported.
You can dig through walls and to a lower floor.
You have a pair of large antennae on your head. (SInv)
Your four strong arms can wield two-handed weapons with a shield.
You are frail. (-10% HP)
Your muscles are strong. (Str +4, Int/Dex -1)
Your spells are a little harder to cast, but a little more powerful.


Message History

The stone arrow hits you!!
* * * LOW HITPOINT WARNING * * *
The sky beast attacks as you move away!
The sky beast hits you but does no damage.
You feel much better. The sky beast completely misses you.
You hit the sky beast.
Your weapon exudes an aura of protection.
The sky beast is moderately wounded.
The sky beast hits you but does no damage.
You slash the sky beast!
The sky beast is severely wounded.
You block the sky beast's attack.
You closely miss the sky beast.
The sky beast is severely wounded.
The sky beast hits you but does no damage.
You closely miss the sky beast.
The sky beast is severely wounded.
The sky beast barely misses you. You block the sky beast's attack.
You slash the sky beast!
You kill the sky beast!
Qazlal accepts your kill.
Your Dodging skill increases to level 1!
You hit the gargoyle.
The gargoyle is heavily damaged.
You block the gargoyle's attack.
You barely miss the gargoyle.
The gargoyle is heavily damaged.
You block the gargoyle's attack.
You closely miss the gargoyle.
The gargoyle is heavily damaged.
The gargoyle hits you with a +0 flail!
You hit the gargoyle but do no damage.
The gargoyle is heavily damaged.
The gargoyle hurls a stone arrow at you.
The stone arrow hits you!
* * * LOW HITPOINT WARNING * * *
You feel very mighty all of a sudden.
The gargoyle hurls a stone arrow at you.
The stone arrow hits you!!
You die...

...[....
#...###.###
#.......$.
#..#######
#..# #..#
#..# ##9#
#@# #.#
#........
######### {


You could see a gargoyle.

Vanquished Creatures
  Grinder (D:4)
  Sigmund (D:4)
  Menkaure (D:4)
  A black bear (D:3)
  An ice beast (D:6)
  2 sky beasts
  An ogre (D:6)
  A centaur (D:6)
  A phantom (D:4)
  4 scorpions
  A hound (D:6)
  A jelly (D:5)
  2 orc priests (D:5)
  3 iguanas
  2 orc wizards (D:4)
  6 adders
  6 gnolls
  A white imp (D:6)
  An ufetubus (D:5)
  2 worms (D:4)
  2 dart slugs
  6 orcs
  4 bats
  4 endoplasms
  4 giant cockroaches
  9 goblins
  5 hobgoblins
  6 jackals (D:1)
  5 kobolds
  2 quokkas
  3 ball pythons
  3 frilled lizards
  2 rats
94 creatures vanquished.

Notes
Turn   | Place    | Note
-------+----------+-------------------------------------------
     0 | D:1      | lonewolfV2 the Formicid Fighter began the quest for the
                  | Orb.
     0 | D:1      | Reached XP level 1. HP: 18/18 MP: 1/1
   205 | D:1      | Reached XP level 2. HP: 22/24 MP: 2/2
   471 | D:1      | Reached XP level 3. HP: 23/30 MP: 3/3
  1491 | D:3      | Noticed a black bear
  1491 | D:3      | Noticed a scorpion
  1504 | D:3      | Killed a black bear
  1505 | D:3      | Reached XP level 4. HP: 23/38 MP: 4/4
  1505 | D:3      | Reached XP level 5. HP: 26/43 MP: 5/5
  1515 | D:3      | Reached XP level 6. HP: 9/50 MP: 6/6
  1760 | D:4      | Reached skill level 5 in Axes
  1893 | D:4      | Reached skill level 5 in Fighting
  1995 | D:4      | Found a snail-covered altar of Cheibriados.
  1995 | D:4      | Noticed Menkaure
  2018 | D:4      | Killed Menkaure
  2019 | D:4      | Reached XP level 7. HP: 16/57 MP: 7/7
  2593 | D:4      | Found an ornate altar of the Wu Jian Council.
  2595 | D:4      | Noticed Grinder
  2612 | D:4      | Killed Grinder
  2857 | D:4      | Noticed Sigmund
  2875 | D:4      | Killed Sigmund
  2876 | D:4      | Reached XP level 8. HP: 40/67 MP: 8/8
  3022 | D:5      | Entered Level 5 of the Dungeon
  3331 | D:4      | Gained mutation: You are frail. (-10% HP) [potion of
                  | mutation]
  3331 | D:4      | Gained mutation: Your muscles are strong. (Str +4, Int/Dex
                  | -1) [potion of mutation]
  3331 | D:4      | Gained mutation: Your spells are a little harder to cast,
                  | but a little more powerful. [potion of mutation]
  4545 | D:6      | Found a staircase to the Ecumenical Temple.
  4598 | Temple   | Entered the Ecumenical Temple
  4617 | Temple   | Became a worshipper of Qazlal Stormbringer
  4859 | D:6      | HP: 2/61 [sky beast (6)]
  4869 | D:6      | Reached XP level 9. HP: 17/67 MP: 9/9
  5853 | D:7      | Noticed a gargoyle
  5878 | D:7      | Reached skill level 1 in Dodging
  5882 | D:7      | Killed from afar by a gargoyle

Illustrated notes

Levels and vault maps discovered:
D:1:      dpeg_arrival_tiny_j, layout_basic
D:2:      layout_basic
D:3:      layout_basic, general_overflow_altar
D:4:      layout_loops_ring, nzn_wu_jian_contemplation, kennysheep_slug_shrine,
          uniq_grinder, uniq_sigmund, uniq_menkaure
D:5:      layout_layer_cave
D:6:      kennysheep_six_static_rooms, layout_loops_ring,
          minmay_temple_entry_sparse_star
D:7:      layout_loops_ring, minmay_microvault
Temple:   compressed_dpeg_circular_temple

Skill      XL: |  1  2  3  4  5  6  7  8  9 |
---------------+----------------------------+-----
Axes           | 4 5 6 8 |  8.4
Fighting       | 4 5 7 8 |  8.7
Dodging        | 1 |  1.6
Armour         | |  3.2
Shields        | |  4.0

Action                     |  1- 3 |  4- 6 |  7- 9 || total
---------------------------+-------+-------+-------++-------
  Melee: War axe           |    95 |    84 |   156 ||   335
    Use: Scroll            |     5 |     1 |     8 ||    14
         Potion            |     1 |     4 |    12 ||    17
   Stab: Invisible         |       |       |     1 ||     1
 Armour: Scale mail        |    65 |    26 |    50 ||   141
  Dodge: Dodged            |    71 |    24 |    43 ||   138
  Block: Buckler           |    49 |    43 |    86 ||   178
         Reflection        |       |       |     2 ||     2
